 Dungeon Crawl Stone Soup version 0.31-a0-1616-gbeaec30b81 (webtiles) character file.

Game seed: 3737888993417624135

3467 bmb222 the Carver (level 9, -4/78 HPs)
             Began as a Red Draconian Gladiator on Jan 10, 2024.
             Was a Follower of Uskayaw.
             Slain by a hornet (11 damage)
             ... on level 8 of the Dungeon.
             The game lasted 00:11:06 (7877 turns).

bmb222 the Carver (Red Draconian Gladiator)         Turns: 7877, Time: 00:11:06

Health: -4/78      AC:  9    Str: 17    XL:     9   Next: 78%
Magic:  12/12      EV: 16    Int:  9    God:    Uskayaw [*.....]
Gold:   240        SH:  0    Dex: 22    Spells: 8/8 levels left

rFire   + . .        a - +1 long sword (spect)
rCold   . . .        (no shield)
rNeg    . . .        (body armour unavailable)
rPois   .            b - +1 hat
rElec   .            (no cloak)
rCorr   .            u - +0 pair of gloves
SInv    .            (no boots)
Will    .....        w - amulet of magic regeneration
Stlth   +++          t - ring of flight
HPRegen 0.33/turn    k - +6 ring of dexterity
MPRegen 0.53/turn

%: no passive effects
@: lethally poisoned (-4 -> -7), flying, slowed, very slow
A: breathe fire, AC +7, unfitting armour, fire resistance 1, cold-blooded
a: Breathe Fire, Renounce Religion, Stomp


You were on level 8 of the Dungeon.
You worshipped Uskayaw.
Uskayaw was noncommittal.
You visited 2 branches of the dungeon, and saw 9 of its levels.

You collected 467 gold pieces.
You spent 227 gold pieces at shops.

Inventory:

Hand Weapons
 a - a +1 spectral long sword (weapon)
 y - a +2 long sword of protection
 I - a +3 great sword of freezing
Missiles
 c - 4 throwing nets
 d - a javelin
Armour
 b - a +1 hat (worn)
 e - a +0 pair of boots
 u - a +0 pair of gloves (worn)
Jewellery
 h - a ring of protection from cold
 k - a +6 ring of dexterity (right hand)
 t - a ring of flight (left hand)
 w - an amulet of magic regeneration (around neck)
 F - a ring of resist corrosion
Talismans
 H - a serpent talisman
Wands
 f - a wand of roots (5)
 v - a wand of polymorph (3)
Scrolls
 g - a scroll of poison
 l - 3 scrolls of revelation
 m - 2 scrolls of fear
 x - 2 scrolls of enchant weapon
 E - 2 scrolls of silence
Potions
 i - a potion of mutation
 n - a potion of lignification
 o - a potion of haste
 p - a potion of berserk rage {unknown}
 q - 3 potions of enlightenment {unknown}
 r - 2 potions of cancellation
 s - 2 potions of brilliance {unknown}
 A - a potion of attraction {unknown}
 B - 2 potions of invisibility {unknown}
 C - a potion of resistance {unknown}
 G - a potion of heal wounds {unknown}


   Skills:
 + Level 6.9 Fighting
 * Level 8.6 Long Blades
 - Level 2.5 Throwing
 + Level 6.1 Dodging
 + Level 5.3 Stealth
 * Level 5.3 Invocations


You had 8 spell levels left.
You didn't know any spells.
Your spell library was empty.

Dungeon Overview and Level Annotations

Branches:
Dungeon (8/15)             Temple (1/1) D:4            Lair (0/5) D:8

Altars:
Cheibriados
Dithmenos
Fedhas
Gozag
Kikubaaqudgha
Makhleb
Nemelex Xobeh
Okawaru
Qazlal
Trog
Uskayaw
Wu Jian
Yredelemnul
Zin
The Shining One

Shops:
D:6 *   D:8 ?[(

Portals:
Bailey: D:8


Innate Abilities, Weirdness & Mutations

You can breathe blasts of fire.
Your fiery red scales are hard. (AC +7)
You cannot fit into any form of body armour.
Your flesh is heat resistant. (rF+)
You are cold-blooded and may be slowed by cold attacks.


Message History

The hornet is lightly wounded.
The hornet stings you!
You are poisoned.
You feel yourself slow down. The hornet stings you.
You are more poisoned.
You suddenly lose the ability to move!
You feel very sick. The hornet stings you!
You shrug off the repeated paralysis!
You can move again.
Unknown command.
Unknown command.
You feel better.
You feel yourself speed up. The hornet stings you!
You feel yourself slow down. The hornet stings you.
You feel as though you will be slow longer.
The hornet stings you!
You are poisoned.
You feel as though you will be slow longer.
You completely miss the hornet. You tail-slap the hornet.
The hornet is lightly wounded.
You feel very sick. The hornet closely misses you.
You miss the hornet.
You tail-slap the hornet, but do no damage.
The hornet is lightly wounded.
You feel sick. The hornet stings you.
You feel as though you will be slow longer.
The hornet stings you!
* * * LOW HITPOINT WARNING * * *
You feel as though you will be slow longer.
You slash the hornet!
The hornet is moderately wounded.
You feel sick. The hornet stings you.
* * * LOW HITPOINT WARNING * * *
You feel as though you will be slow longer.
The hornet stings you!
* * * LOW HITPOINT WARNING * * *
You feel as though you will be slow longer.
The hornet stings you!
You die...

#.....###.#******#.####### ##..#
###.......#,,,,,*#....##.####..#.
###.#######,,,,,##...).<.#.))....
#..#.# *,,,,,,..........).....
#.≈≈.# #,,,,,**#.#.##.........
#.≈≈.# #..#######...#..####.#.
#.≈≈.# *#.........#.#..# #.#.
#.≈≈.# #####.#####.#..# #.#.
#.≈≈.# #### #@##.......# *.#,
♣.≈≈.♣♣♣#..# #y#####.#### *,*,
..≈≈..[♣##.###*#g#** #.# *,,,
∩.≈≈.⌠.♣#....#.gg..# #.# ****
..≈≈...♣##.###.....###.#######,,,
⌠....∩.♣##.# #..∩..#.........#,**
..≈≈...♣#..# #.....####.##....,,,
∩.≈≈.⌠.♣##.# #.....# *...,*.#,*,
..≈≈...♣ #.# ####### *..#..,,,,,


You could see a hornet, a gnoll and 2 goblins.

Vanquished Creatures
  Pikel (D:7)
  A steam dragon (D:7)
  3 sky beasts
  2 orc warriors
  A black bear (D:7)
  2 ice beasts
  An ogre (D:6)
  2 phantoms
  3 bullfrogs (D:7)
  5 scorpions
  7 wights
  2 howler monkeys
  A bombardier beetle (D:4)
  6 hounds
  A jelly (D:6)
  An orc priest (D:6)
  A gnoll bouda (D:7)
  5 iguanas
  4 orc wizards
  Robin (D:2)
  8 gnolls
  9 adders
  A shadow imp (D:7)
  2 ufetubi (D:7)
  3 ribbon worms
  18 orcs
  8 endoplasms
  2 giant cockroaches
  18 goblins
  10 hobgoblins
  9 kobolds
  4 quokkas
  3 ball pythons
  4 bats
  2 frilled lizards (D:1)
  7 rats
158 creatures vanquished.

Vanquished Creatures (collateral kills)
  An orc warrior (D:7)
  An ogre (D:7)
  A kobold (D:4)
3 creatures vanquished.

Vanquished Creatures (others)
  A spectral weapon (D:7)
1 creature vanquished.

Grand Total: 162 creatures vanquished

Notes
Turn   | Place    | Note
-------+----------+-------------------------------------------
     0 | D:1      | bmb222 the Draconian Gladiator began the quest for the Orb.
     0 | D:1      | Reached XP level 1. HP: 17/17 MP: 1/1
   222 | D:1      | Reached XP level 2. HP: 25/25 MP: 2/2
   669 | D:1      | Reached XP level 3. HP: 24/30 MP: 3/3
  1069 | D:2      | Noticed Robin
  1083 | D:2      | Killed Robin
  1101 | D:2      | Reached XP level 4. HP: 13/38 MP: 4/4
  1310 | D:2      | Found a faded altar of an unknown god.
  1564 | D:2      | Found a basalt altar of Yredelemnul.
  1939 | D:3      | Identified the +5 rapier "Wocrib Hiha" {freeze, Will+}
  2104 | D:3      | Identified the +2 leather armour of the Catamount {Int+3}
  2587 | D:3      | Found a faded altar of an unknown god.
  2590 | D:3      | Found an ornate altar of the Wu Jian Council.
  2593 | D:3      | Reached XP level 5. HP: 45/45 MP: 5/5
  2702 | D:4      | Identified the +4 mace "Transmigrator" {spect, *Slow rN+
                  | Will++ Str+2}
  2712 | D:4      | Reached skill level 4 in Long Blades
  2712 | D:4      | Reached skill level 1 in Stealth
  2716 | D:4      | Identified the orb of the Immovable Tales {light, -Tele
                  | rElec Earth}
  2800 | D:4      | Noticed a sky beast
  2886 | D:4      | Killed a sky beast
  2887 | D:4      | Reached XP level 6. HP: 44/52 MP: 6/6
  3130 | D:4      | Found a staircase to the Ecumenical Temple.
  3280 | Temple   | Entered the Ecumenical Temple
  3293 | Temple   | Became a worshipper of Uskayaw the Reveller
  3318 | D:5      | Entered Level 5 of the Dungeon
  3327 | D:5      | Reached * piety under Uskayaw
  3333 | D:4      | Reached ** piety under Uskayaw
  3335 | D:4      | Reached *** piety under Uskayaw
  3336 | D:4      | Reached skill level 5 in Long Blades
  3671 | D:5      | Your scales start taking on a fiery red colour.
  3671 | D:5      | Reached XP level 7. HP: 59/59 MP: 7/7
  3671 | D:5      | Gained mutation: Your flesh is heat resistant. (rF+) [Red
                  | Draconian growth]
  3683 | D:5      | Reached **** piety under Uskayaw
  4018 | D:5      | Reached skill level 6 in Long Blades
  4362 | D:6      | Found Tuehiyli's Assorted Antiques.
  4435 | D:6      | Reached skill level 5 in Fighting
  4565 | D:6      | Reached XP level 8. HP: 68/68 MP: 8/8
  4916 | D:6      | Found a bloodstained altar of Trog.
  5057 | D:6      | Reached skill level 5 in Dodging
  5604 | D:7      | Reached skill level 7 in Long Blades
  5604 | D:7      | Reached skill level 1 in Invocations
  5782 | D:7      | Reached ***** piety under Uskayaw
  6063 | D:7      | Noticed Pikel
  6467 | D:7      | Reached XP level 9. HP: 75/75 MP: 11/11
  6750 | D:7      | Killed Pikel
  6751 | D:7      | Reached skill level 8 in Long Blades
  6981 | D:7      | Reached skill level 5 in Stealth
  7057 | D:7      | Reached skill level 5 in Invocations
  7672 | D:8      | Found Siad's Magic Scroll Emporium.
  7674 | D:8      | Found Tunaemp's Antique Weapon Boutique.
  7676 | D:8      | Found Xayfoig's Armour Emporium.
  7689 | D:8      | Bought a runed long sword for 227 gold pieces
  7757 | D:8      | Found a staircase to the Lair.
  7758 | D:8      | Noticed a komodo dragon
  7865 | D:8      | Found a flagged portal.
  7872 | D:8      | Paralysed by a hornet for 2 turns
  7877 | D:8      | Slain by a hornet

Illustrated notes

Levels and vault maps discovered:
D:1:      eino_arrival_tree_alley, layout_basic
D:2:      layout_basic, basic_ecumenical_altar, basic_altar, uniq_robin
D:3:      layout_basic, nicolae_overflow_ecumenical_swirl,
          minmay_misc_feat_hallway, reono_crystal_passage, chequers_avenue
D:4:      layout_cave_pools, temple_doors_e
D:5:      layout_rooms
D:6:      layout_basic, kennysheep_mini_moat, serial_shops,
          nicolae_shop_peninsula, dk_vineyard_2
D:7:      minmay_octagon_keep, layout_rooms, nrook_loot_triangle, uniq_pikel
D:8:      layout_loops_cross, david_lair_shrubbed, enter_bailey_7, st_stairs_5,
          nicolae_benzene_ring, nicolae_wooded_promenade, eino_curves_04
Temple:   dshaligram_water_room_temple

Skill      XL: |  1  2  3  4  5  6  7  8  9 |
---------------+----------------------------+-----
Throwing       | 2 |  2.5
Dodging        | 3 4 5 6 |  6.1
Fighting       | 3 4 5 6 |  6.9
Long Blades    | 4 5 6 7 8 |  8.6
Stealth        | 1 2 3 4 5 |  5.3
Invocations    | 2 5 |  5.3

Action                     |  1- 3 |  4- 6 |  7- 9 || total
---------------------------+-------+-------+-------++-------
  Melee: Long sword        |    85 |   152 |   254 ||   491
         Tailslap          |     9 |    12 |    47 ||    68
         Punch             |     1 |       |     5 ||     6
         Great sword       |       |       |    12 ||    12
Ability: Breathe Fire      |       |       |    10 ||    10
  Evoke: Wand              |       |       |     7 ||     7
    Use: Potion            |     1 |     1 |     6 ||     8
         Scroll            |       |    10 |     6 ||    16
   Stab: Sleeping          |       |     7 |     4 ||    11
         Paralysed         |       |       |    13 ||    13
 Armour: Skin              |    65 |   113 |   155 ||   333
  Dodge: Dodged            |    68 |   121 |   222 ||   411

Table legend: (Time is in decaauts)
 A = Elapsed time spent in this place.
 B = Non-inter-level travel time spent in this place.
 C = Inter-level travel time spent in this place.
 D = Time resting spent in this place.
 E = Time spent auto-exploring this place.
 F = Levels seen in this place.
 G = Mean time per level.
                   A        B        C        D        E       F      G
               +--------+--------+--------+--------+--------+-----+--------+
         Total |   7934 |   7488 |    446 |   1764 |   4164 |   9 |  881.6 |
       Dungeon |   7907 |   7462 |    445 |   1764 |   4164 |   8 |  988.4 |
        Temple |     26 |     26 |      0 |      0 |      0 |   1 |   26.0 |
               +--------+--------+--------+--------+--------+-----+--------+

Top non-repeatable levels by time:
     D:7: 1753 daAuts
     D:6: 1639 daAuts
     D:2: 1014 daAuts
     D:3: 886 daAuts
     D:1: 881 daAuts
     D:4: 865 daAuts
     D:5: 642 daAuts
     D:8: 223 daAuts
  Temple: 26 daAuts
